 Seeded DCSS version 0.32-a0-928-g1cae6b7ea0 (webtiles) character file.

Game seed: 202404122 (custom seed)

2086 Orlauf the Cleaver (level 9, -4/74 HPs)
             Began as a Demonspawn Gladiator on Apr 12, 2024.
             Was a Follower of Uskayaw.
             Killed from afar by a steam dragon (21 damage)
             ... with a ball of steam
             ... on level 7 of the Dungeon.
             The game lasted 00:10:53 (5929 turns).

Orlauf the Cleaver (Demonspawn Gladiator)           Turns: 5929, Time: 00:10:54

Health: -4/74      AC: 14    Str: 19    XL:     9   Next: 6%
Magic:  13/13      EV:  7    Int:  8    God:    Uskayaw [*.....]
Gold:   359        SH:  0    Dex: 15    Spells: 8/8 levels left

rFire   . . .        a - +1 war axe
rCold   + . .        (no shield)
rNeg    . . .        n - +0 chain mail
rPois   .            c - +1 helmet
rElec   .            r - +0 cloak
rCorr   .            (no gloves)
SInv    +            H - +0 pair of boots
Will    .....        j - amulet of faith Stlth
                     i - ring of protection from cold
HPRegen 0.32/turn    k - ring of see invisible
MPRegen 0.13/turn

%: faith
@: attractive
A: claws 1, rugged brown scales 2, foul stench 2, powered by death 1
a: Renounce Religion, Stomp


You were on level 7 of the Dungeon.
You worshipped Uskayaw.
Uskayaw was noncommittal.
You visited 2 branches of the dungeon, and saw 8 of its levels.
You also visited: Sewer.

You collected 359 gold pieces.

Inventory:

Hand Weapons
 a - a +1 war axe (weapon)
 b - a +0 flail of protection
 d - a +3 heavy flail
 h - a +2 whip of freezing
 w - a +0 war axe
Missiles
 e - a javelin
 f - 2 throwing nets
 y - 10 poisoned darts
Armour
 c - a +1 helmet (worn)
 n - a +0 chain mail (worn)
 r - a +0 cloak (worn)
 B - a +2 hat
 H - a +0 pair of boots (worn)
Jewellery
 i - a ring of protection from cold (left claw)
 j - an amulet of faith (around neck)
 k - a ring of see invisible (right claw)
 m - a ring of fire
 x - an amulet of magic regeneration
Wands
 g - a wand of flame (20) (quivered)
 q - a wand of charming (1)
Scrolls
 p - 3 scrolls of teleportation
 s - 3 scrolls of blinking
 t - 2 scrolls of amnesia
 u - a scroll of noise
 C - 3 scrolls of enchant armour
 F - a scroll of immolation {unknown}
 J - a scroll of enchant weapon
Potions
 l - 4 potions of enlightenment
 o - 2 potions of lignification
 z - a potion of cancellation {unknown}
 D - a potion of heal wounds {unknown}
 G - a potion of berserk rage {unknown}
 I - a potion of ambrosia {unknown}


   Skills:
 + Level 6.4 Fighting
 * Level 8.5 Axes
 - Level 1.7 Throwing
 - Level 2.6 Dodging
 + Level 6.5 Invocations


You had 8 spell levels left.
You didn't know any spells.
Your spell library contained the following spells:

 Spells                   Type           Power      Damage    Failure   Level
 Foxfire                  Conj/Fire      0%         2x1d4     99%         1
 Sandblast                Erth           0%         2d4       99%         1
 Call Imp                 Summ           0%         N/A       100%        2
 Sublimation of Blood     Necr           0%         N/A       100%        2
 Stone Arrow              Conj/Erth      0%         3d7       100%        3
 Brom's Barrelling Bould  Conj/Erth      0%         2d3       100%        4
 Leda's Liquefaction      Alch/Erth      0%         N/A       100%        4
 Petrify                  Alch/Erth      0%         N/A       100%        4
 Metabolic Englaciation   Hex/Ice        0%         N/A       100%        5
 Plasma Beam              Fire/Air       0%         2x1d10    100%        6
 Starburst                Conj/Fire      0%         6d3       100%        6
 Summon Hydra             Summ           0%         N/A       100%        7


Dungeon Overview and Level Annotations

Branches:
Dungeon (7/15)             Temple (1/1) D:4           Sewer (visited)

Altars:
Ashenzari
Cheibriados
Dithmenos
Fedhas
Hepliaklqana
Kikubaaqudgha
Makhleb
Okawaru
Qazlal
Ru
Sif Muna
Trog
Uskayaw
Vehumet
Xom
Yredelemnul


Innate Abilities, Weirdness & Mutations

You have sharp fingernails.
You are mostly covered in rugged brown scales. (AC +2, +5% HP)
You sometimes emit foul miasma when damaged in melee.
You regenerate a little health from kills.


Message History

The steam dragon barely misses you.
The steam dragon claws you but does no damage.
You hit the steam dragon but do no damage.
The steam dragon is severely wounded.
You are engulfed in a cloud of scalding steam.
The steam dragon bites you!
* * * LOW HITPOINT WARNING * * *
The steam dragon claws you but does no damage.
You feel better.
You are engulfed in a cloud of scalding steam.
* * * LOW HITPOINT WARNING * * *
The sky beast flickers out of sight for a moment.
The steam dragon bites you but does no damage.
The steam dragon completely misses you.
Okay, then.
Aiming: Charm
Press: ? - help, Shift-Dir - straight line, f - steam dragon
Aim: a steam dragon (severely wounded, chance to affect: 49%)
The steam dragon is charmed.
You are engulfed in a cloud of scalding steam.
The steam dragon bites your steam dragon.
The steam dragon claws your steam dragon.
Your steam dragon breathes steam at the steam dragon.
The ball of steam hits the steam dragon!
The steam dragon resists.
The ball of steam hits the sky beast!
Unknown command.
The steam dragon bites your steam dragon but does no damage.
The steam dragon claws your steam dragon but does no damage.
Your steam dragon bites the steam dragon!
Your steam dragon barely misses the steam dragon.
The steam dragon is attracted toward you.
The steam dragon bites your steam dragon!
Your steam dragon dies!
The steam dragon is attracted toward you.
The sky beast is attracted toward you.
The sky beast flickers out of sight for a moment.
The steam dragon breathes steam at you. The ball of steam hits you!!
You die...
Your body falls in perfect tune with the rhythm.

#.# #... #.##########
#...........
############ # # #
########################
#YD§YD§@................
#?######################
D§ # ## # # # # # #


You could see a steam dragon (catching breath).

Vanquished Creatures
  Grinder (D:6)
  An ice beast (D:5)
  A black bear (D:7)
  3 centaurs
  2 kobold brigands (Sewer)
  4 bullfrogs
  2 electric eels (D:4)
  A jelly (D:5)
  An orc priest (D:5)
  6 hounds
  5 iguanas
  6 orc wizards
  Robin (D:2)
  6 gnolls
  10 adders
  2 river rats (Sewer)
  A white imp (D:6)
  2 ufetubi (D:6)
  4 dart slugs
  2 ribbon worms
  13 orcs
  2 bats
  6 endoplasms
  4 giant cockroaches
  16 goblins
  11 hobgoblins
  10 jackals
  5 quokkas
  10 ball pythons
  4 frilled lizards
  13 kobolds
  14 rats
169 creatures vanquished.

Vanquished Creatures (collateral kills)
  A gnoll (D:5)
1 creature vanquished.

Vanquished Creatures (others)
  A steam dragon (D:7)
  Edmund (D:4)
  An ogre (D:7)
  A gnoll (D:5)
4 creatures vanquished.

Grand Total: 174 creatures vanquished

Notes
Turn   | Place    | Note
-------+----------+-------------------------------------------
     0 | D:1      | Orlauf the Demonspawn Gladiator began the quest for the
                  | Orb.
     0 | D:1      | Reached XP level 1. HP: 16/16 MP: 1/1
    83 | D:1      | Reached skill level 3 in Axes
    89 | D:1      | Gained mutation: You are partially covered in rugged brown
                  | scales. (AC +1, +3% HP) [demonic ancestry]
    89 | D:1      | Reached XP level 2. HP: 11/22 MP: 2/2
   395 | D:1      | Gained mutation: You may rarely emit foul miasma when
                  | damaged in melee. [demonic ancestry]
   395 | D:1      | Reached XP level 3. HP: 26/28 MP: 3/3
   803 | D:2      | Reached XP level 4. HP: 34/35 MP: 4/4
   808 | D:2      | Reached skill level 4 in Axes
   858 | D:2      | Noticed Robin
   872 | D:2      | Killed Robin
   953 | D:2      | Found an ancient bone altar of Kikubaaqudgha.
  1540 | D:3      | Gained mutation: You have sharp fingernails. [demonic
                  | ancestry]
  1540 | D:3      | Reached XP level 5. HP: 42/42 MP: 5/5
  2127 | D:4      | Found a transporter.
  2155 | D:4      | Reached skill level 5 in Axes
  2180 | D:4      | Found a transporter.
  2227 | D:4      | Found a staircase to the Ecumenical Temple.
  2232 | Temple   | Entered the Ecumenical Temple
  2242 | Temple   | Became a worshipper of Uskayaw the Reveller
  2368 | D:4      | Noticed Edmund
  2374 | D:4      | Reached * piety under Uskayaw
  2386 | D:4      | Reached ** piety under Uskayaw
  2397 | D:4      | Reached XP level 6. HP: 31/49 MP: 6/6
  2398 | D:4      | Reached *** piety under Uskayaw
  2405 | D:4      | HP: 1/49 [Edmund/+3 heavy flail (8)]
  2409 | D:4      | Killed Edmund
  2409 | D:4      | Reached **** piety under Uskayaw
  2410 | D:4      | Reached skill level 1 in Invocations
  2415 | D:4      | Reached ***** piety under Uskayaw
  2997 | D:5      | Entered Level 5 of the Dungeon
  3013 | D:5      | Gained mutation: You are mostly covered in rugged brown
                  | scales. (AC +2, +5% HP) [demonic ancestry]
  3013 | D:5      | Reached XP level 7. HP: 43/57 MP: 8/8
  3014 | D:5      | Reached skill level 6 in Axes
  3236 | D:5      | Found a glowing drain.
  3243 | Sewer    | Entered a sewer
  3724 | D:5      | Reached skill level 5 in Fighting
  4023 | D:5      | Reached skill level 7 in Axes
  4023 | D:5      | Gained mutation: You regenerate a little health from kills.
                  | [demonic ancestry]
  4023 | D:5      | Reached XP level 8. HP: 65/65 MP: 11/11
  4439 | D:6      | Found a broken altar of Ashenzari.
  4496 | D:6      | Reached skill level 5 in Invocations
  4520 | D:6      | Found a shadowy altar of Dithmenos.
  4522 | D:6      | Found a blossoming altar of Fedhas.
  4682 | D:6      | Noticed Grinder
  4683 | D:6      | Paralysed by Grinder for 5 turns
  4693 | D:6      | Killed Grinder
  4814 | D:6      | Reached skill level 8 in Axes
  5377 | D:7      | Gained mutation: You sometimes emit foul miasma when
                  | damaged in melee. [demonic ancestry]
  5377 | D:7      | Reached XP level 9. HP: 30/74 MP: 13/13
  5929 | D:7      | Killed from afar by a steam dragon

Illustrated notes

Levels and vault maps discovered:
D:1:      lemuel_arrival_broad_hall, layout_basic, chequers_serial_rivers_marsh,
          minmay_box_of_dots
D:2:      layout_rooms, basic_altar, uniq_robin
D:3:      layout_loops_ring, minmay_misc_feat_chi, minmay_starry_boxes
D:4:      gammafunk_steamed_eel, layout_cave_pools, minmay_temple_entry_arrows,
          uniq_edmund
D:5:      nicolae_cairo_tiling_large, layout_basic,
          mainiacjoe_sewer_entry_somewhere_in_here_2
D:6:      layout_loops_ring, nicolae_overflow_squiral, lemuel_crystal_altar,
          uniq_grinder
D:7:      layout_basic, pdpol_wu_jian_five_deadly_venoms
Temple:   compressed_dpeg_triangle_lava_temple

Skill      XL: |  1  2  3  4  5  6  7  8 |
---------------+-------------------------+-----
Axes           | 3 4 5 7 8 |  8.5
Fighting       | 3 4 5 6 |  6.4
Invocations    | 2 4 6 |  6.5
Throwing       | |  1.7
Dodging        | |  2.6

Action                     |  1- 3 |  4- 6 |  7- 9 || total
---------------------------+-------+-------+-------++-------
  Melee: War axe           |   104 |   205 |   221 ||   530
  Throw: Throwing net      |       |     4 |       ||     4
  Evoke: Wand              |       |     5 |     9 ||    14
    Use: Scroll            |     3 |     6 |     2 ||    11
         Potion            |       |     4 |     5 ||     9
   Stab: Paralysed         |       |     1 |    18 ||    19
         Invisible         |       |     1 |       ||     1
 Armour: Leather armour    |    36 |       |       ||    36
         Ring mail         |    54 |    19 |       ||    73
         Chain mail        |       |   195 |   266 ||   461
  Dodge: Dodged            |    55 |    90 |   115 ||   260

Table legend: (Time is in decaauts)
 A = Elapsed time spent in this place.
 B = Non-inter-level travel time spent in this place.
 C = Inter-level travel time spent in this place.
 D = Time resting spent in this place.
 E = Time spent auto-exploring this place.
 F = Levels seen in this place.
 G = Mean time per level.
                   A        B        C        D        E       F      G
               +--------+--------+--------+--------+--------+-----+--------+
         Total |   6106 |   5915 |    191 |    187 |   4118 |   9 |  678.4 |
       Dungeon |   5682 |   5501 |    181 |    187 |   3854 |   7 |  811.7 |
        Temple |     25 |     15 |     10 |      0 |      0 |   1 |   25.0 |
         Sewer |    398 |    398 |      0 |      0 |    264 |   1 |  398.0 |
               +--------+--------+--------+--------+--------+-----+--------+

Top non-repeatable levels by time:
     D:5: 1040 daAuts
     D:4: 955 daAuts
     D:7: 854 daAuts
     D:3: 760 daAuts
     D:6: 723 daAuts
     D:1: 680 daAuts
     D:2: 667 daAuts
   Sewer: 398 daAuts
  Temple: 25 daAuts
